[Event "ICC tourney 2001 (30 10)"]
[Site "Internet Chess Club"]
[Date "2020.09.12"]
[Round "5"]
[White "Singireddy"]
[Black "IndianTerritory"]
[Result "1/2-1/2"]
[ICCResult "Game drawn by mutual agreement"]
[WhiteElo "2069"]
[BlackElo "2003"]
[Opening "Caro-Kann: anti-anti-Caro-Kann defense"]
[ECO "B10"]
[NIC "CK.01"]
[Time "19:01:42"]
[TimeControl "1800+10"]

1. e4 c6 2. c4 d5 3. cxd5 cxd5 4. exd5 Nf6 5. Nc3 Nxd5 6. Nf3 Nc6 7. Bc4 e6
8. O-O Be7 9. d4 O-O 10. Re1 Nxc3 11. bxc3 b6 12. Bd3 Bb7 13. Qc2 h6 14. Bf4
Rc8 15. Qd2 Bf6 16. Bxh6 Ne7 17. Bg5 Nf5 18. Bxf6 Qxf6 19. Ne5 Qh6 20. Qxh6
Nxh6 21. Rac1 Rc7 22. Rc2 {Game drawn by mutual agreement} 1/2-1/2

[Event "ICC tourney 2001 (30 10)"]
[Site "Internet Chess Club"]
[Date "2020.09.12"]
[Round "5"]
[White "town"]
[Black "rychessmaster1"]
[Result "1/2-1/2"]
[ICCResult "Game drawn by mutual agreement"]
[WhiteElo "2155"]
[BlackElo "2199"]
[Opening "Ruy Lopez: closed, Flohr-Zaitsev system (Lenzerheide variation)"]
[ECO "C92"]
[NIC "RL.26"]
[Time "19:01:52"]
[TimeControl "1800+10"]

1. e4 e5 2. Nf3 Nc6 3. Bb5 a6 4. Ba4 Nf6 5. O-O Be7 6. Re1 b5 7. Bb3 d6 8.
c3 O-O 9. h3 Bb7 10. d4 Re8 11. Nbd2 Bf8 12. Bc2 g6 13. Nf1 exd4 14. cxd4
Nb4 15. Ng3 Nxc2 16. Qxc2 c5 17. b3 Rc8 18. d5 Bg7 19. Bb2 c4 20. bxc4 Rxc4
21. Qd3 Nxd5 22. Bxg7 Nb4 23. Qb3 Kxg7 24. Nd2 Rd4 25. Nf3 Rc4 26. Nd2
{Game drawn by mutual agreement}
1/2-1/2

[Event "ICC tourney 2001 (30 10)"]
[Site "Internet Chess Club"]
[Date "2020.09.12"]
[Round "5"]
[White "gsmenon"]
[Black "HR2005"]
[Result "1-0"]
[ICCResult "Black resigns"]
[WhiteElo "2064"]
[BlackElo "2070"]
[Opening "Réti: King's Indian attack, Yugoslav variation"]
[ECO "A05"]
[NIC "QP.11"]
[Time "19:01:40"]
[TimeControl "1800+10"]

1. Nf3 Nf6 2. g3 d5 3. Bg2 Bg4 4. O-O c6 5. d4 Nbd7 6. c4 e6 7. cxd5 cxd5 8.
Nc3 a6 9. Bd2 Bd6 10. Rc1 b5 11. e3 O-O 12. Qb3 Nb6 13. Ne2 Ne4 14. Ba5 Qb8
15. Bxb6 Qxb6 16. Rc2 Rfc8 17. Rfc1 Rxc2 18. Qxc2 h6 19. Qc6 Qd8 20. Nf4 e5
21. Nd3 exd4 22. Nxd4 Nf6 23. Qb7 Be6 24. Rc6 Ne4 25. Bxe4 dxe4 26. Rxd6
Qxd6 27. Qxa8+ Kh7 28. Qxe4+ g6 29. Nxe6 {Black resigns} 1-0

[Event "ICC tourney 2001 (30 10)"]
[Site "Internet Chess Club"]
[Date "2020.09.12"]
[Round "5"]
[White "musk6868"]
[Black "tedchen"]
[Result "0-1"]
[ICCResult "White resigns"]
[WhiteElo "2035"]
[BlackElo "2301"]
[Opening "Sicilian: dragon, Yugoslav attack, Rauser variation"]
[ECO "B76"]
[NIC "SI.17"]
[Time "19:01:51"]
[TimeControl "1800+10"]

1. e4 c5 2. Nf3 d6 3. d4 cxd4 4. Nxd4 Nf6 5. Nc3 g6 6. Be3 Bg7 7. f3 O-O 8.
Qd2 Nc6 9. O-O-O d5 10. Qe1 e5 11. Nxc6 bxc6 12. exd5 Nxd5 13. Bc4 Be6 14.
Ne4 Qc7 15. Bc5 Rfd8 16. g4 h6 17. h4 Rab8 18. Ba3 Qb6 19. Bb3 Nf4 20. Be7
Rxd1+ 21. Qxd1 a5 22. Nc5 Bxb3 23. axb3 Nd5 24. Bd6 Rd8 25. Ne4 Nf6 26.
Nxf6+ Bxf6 27. Rh2 Rxd6 28. Qxd6 Qg1+ 29. Kd2 Qxh2+ 30. Kd3 e4+ {White
resigns} 0-1

[Event "ICC tourney 2001 (30 10)"]
[Site "Internet Chess Club"]
[Date "2020.09.12"]
[Round "5"]
[White "smilingfloor"]
[Black "drberkley"]
[Result "1-0"]
[ICCResult "Black checkmated"]
[WhiteElo "1960"]
[BlackElo "1899"]
[Opening "Pirc: classical system, 5.Be2"]
[ECO "B08"]
[NIC "PU.01"]
[Time "19:01:36"]
[TimeControl "1800+10"]

1. e4 d6 2. d4 Nf6 3. Nc3 g6 4. Nf3 Bg7 5. Be2 O-O 6. O-O Bg4 7. h3 Bxf3 8.
Bxf3 Nc6 9. Be3 e5 10. d5 Nd4 11. Bxd4 exd4 12. Qxd4 Re8 13. Qd2 a6 14. Rfe1
b5 15. a3 Qd7 16. Rad1 Re7 17. Re2 Rae8 18. Rde1 h5 19. Na2 Nh7 20. b3 Bf6
21. Nb4 Ng5 22. Qd3 Qc8 23. a4 Qb7 24. axb5 Qxb5 25. Nxa6 Qxd3 26. cxd3
Nxf3+ 27. gxf3 Ra8 28. Nb4 Ree8 29. Nc6 Ra3 30. Rb1 Rea8 31. f4 R8a6 32. e5
dxe5 33. fxe5 Bg5 34. e6 fxe6 35. Rxe6 Kf7 36. Ne5+ Kg7 37. Rxa6 Rxa6 38.
Nf3 Bf6 39. Rc1 Ra7 40. Rc6 Kf7 41. b4 Rb7 42. Kg2 Ke7 43. d4 Rxb4 44. Rxc7+
Kd8 45. Rc6 Bxd4 46. Rxg6 Bc5 47. Ne5 Ra4 48. Rf6 Ra2 49. d6 Re2 50. Rf8#
{Black checkmated}
1-0

[Event "ICC tourney 2001 (30 10)"]
[Site "Internet Chess Club"]
[Date "2020.09.12"]
[Round "5"]
[White "MrNormalName"]
[Black "Baseballchamp"]
[Result "1-0"]
[ICCResult "Black resigns"]
[WhiteElo "2203"]
[BlackElo "2059"]
[Opening "QGD Slav defense"]
[ECO "D10"]
[NIC "SL.01"]
[Time "19:02:33"]
[TimeControl "1800+10"]

1. d4 d5 2. c4 c6 3. Nc3 Nf6 4. e3 Bf5 5. cxd5 cxd5 6. Qb3 Nc6 7. Qxb7 Bd7
8. Qb3 Rb8 9. Qd1 e5 10. dxe5 Nxe5 11. Be2 Bd6 12. Nf3 O-O 13. O-O Nfg4 14.
h3 Nxf3+ 15. Bxf3 Nh2 16. Re1 Qh4 17. Qxd5 Rb6 18. Be2 Re8 19. Qd4 Qg5 20.
Ne4 Rxe4 21. Qxe4 Bc6 22. h4 Qf6 23. Qd4 Be5 24. Qc4 Qg6 25. e4 h5 26. Bg5
Bxe4 27. Bxh5 Qxh5 28. Qxe4 {Black resigns} 1-0

[Event "ICC tourney 2001 (30 10)"]
[Site "Internet Chess Club"]
[Date "2020.09.12"]
[Round "5"]
[White "JunlinTheWorld"]
[Black "Xuanli28"]
[Result "0-1"]
[ICCResult "White checkmated"]
[WhiteElo "1907"]
[BlackElo "2116"]
[Opening "Sicilian: dragon, Yugoslav attack"]
[ECO "B75"]
[NIC "SI.17"]
[Time "19:01:46"]
[TimeControl "1800+10"]

1. e4 c5 2. Nf3 d6 3. d4 cxd4 4. Nxd4 Nf6 5. Nc3 g6 6. Be3 Bg7 7. f3 a6 8.
Bc4 b5 9. Bb3 Bb7 10. Qd2 h5 11. a3 Nbd7 12. Rd1 Rc8 13. O-O Ne5 14. Nde2
Qc7 15. Nf4 O-O 16. Bd4 Rfd8 17. Qf2 Ned7 18. Nxg6 Re8 19. Nh4 e6 20. Qd2
Ne5 21. Be3 d5 22. Bh6 Qc5+ 23. Kh1 dxe4 24. fxe4 Neg4 25. Bxg7 Kxg7 26. Rf3
Nxe4 27. Nxe4 Bxe4 28. Rg3 Rcd8 29. Qe1 Rxd1 30. Qxd1 Qg5 31. Nf3 Nf2+ 32.
Kg1 Qxg3 33. Qd4+ e5 34. Qxf2 Qxf2+ 35. Kxf2 Bxf3 36. gxf3 f5 37. Ke3 Kf6
38. Bd5 Rd8 39. c4 bxc4 40. Bxc4 a5 41. b3 Rd1 42. Kf2 e4 43. fxe4 fxe4 44.
Ke3 Ke5 45. Be2 Rh1 46. Bxh5 Rxh2 47. Bf7 Rh3+ 48. Ke2 Kd4 49. Bc4 Rh2+ 50.
Ke1 Ke3 51. b4 axb4 52. axb4 Rh1+ 53. Bf1 Rxf1+ 54. Kxf1 Kd2 55. b5 e3 56.
b6 e2+ 57. Kg2 e1=Q 58. b7 Qe4+ 59. Kf2 Qxb7 60. Kg3 Qf7 61. Kg4 Ke3 62. Kg3
Qg6+ 63. Kh4 Kf3 64. Kh3 Qh6# {White checkmated} 0-1

[Event "ICC tourney 2001 (30 10)"]
[Site "Internet Chess Club"]
[Date "2020.09.12"]
[Round "5"]
[White "jy2020"]
[Black "Chessking2008"]
[Result "0-1"]
[ICCResult "White resigns"]
[WhiteElo "2222"]
[BlackElo "2169"]
[Opening "Sicilian: dragon variation"]
[ECO "B70"]
[NIC "SI.15"]
[Time "19:01:39"]
[TimeControl "1800+10"]

1. e4 c5 2. Nf3 d6 3. d4 cxd4 4. Nxd4 Nf6 5. Nc3 g6 6. g3 Bg7 7. Bg2 O-O 8.
O-O Nc6 9. Nde2 a6 10. h3 Be6 11. Be3 Rc8 12. Rc1 b5 13. Nd5 Nd7 14. c3 b4
15. Qa4 bxc3 16. Nexc3 Nc5 17. Qd1 Rb8 18. Rc2 Nb4 19. Rd2 Nxd5 20. exd5 Bd7
21. Re1 Rxb2 22. Rxb2 Bxc3 23. Ree2 Bb5 24. Red2 Qd7 25. Bd4 Bxb2 26. Rxb2
Rc8 27. Qd2 Qf5 28. Kh2 Qd3 29. Qf4 e5 30. dxe6 Nxe6 31. Qxd6 Qxd4 32. Qxd4
Nxd4 33. a4 Bc6 34. Rb4 Bxg2 35. Kxg2 Ne6 36. Rb6 a5 37. Ra6 Rc5 38. h4 h5
39. Ra7 Kg7 40. Kf3 Re5 41. Kg2 Nd4 42. Ra6 Ne2 43. f4 Rc5 44. Rd6 Rc4 45.
Kf3 Nc3 46. Rd3 Nxa4 {White resigns} 0-1

[Event "ICC tourney 2001 (30 10)"]
[Site "Internet Chess Club"]
[Date "2020.09.12"]
[Round "5"]
[White "cooljay"]
[Black "tcao"]
[Result "0-1"]
[ICCResult "White resigns"]
[WhiteElo "2035"]
[BlackElo "1878"]
[Opening "French: Winawer, advance, poisoned pawn variation"]
[ECO "C18"]
[NIC "FR.09"]
[Time "19:02:29"]
[TimeControl "1800+10"]

1. e4 e6 2. d4 d5 3. Nc3 Bb4 4. e5 Ne7 5. a3 Bxc3+ 6. bxc3 c5 7. Qg4 O-O 8.
Nf3 f5 9. exf6 Rxf6 10. Bg5 Qa5 11. Bxf6 Qxc3+ 12. Ke2 Qxc2+ 13. Nd2 Ng6 14.
Bg5 Nc6 15. Ke1 Nxd4 16. Qg3 c4 17. Be2 c3 18. Bd3 Qb2 19. Rb1 c2 20. Bxc2
Qxc2 21. Be3 Nf5 22. Qg5 Ne5 23. Qd8+ Kf7 24. Ke2 d4 25. Rhc1 Qd3+ 26. Kd1
Bd7 27. Qxa8 dxe3 28. fxe3 Nxe3+ 29. Ke1 Nxg2+ 30. Kf2 Qxd2+ 31. Kg1 Nf3+
32. Kh1 Nf4 {White resigns} 0-1

[Event "ICC tourney 2001 (30 10)"]
[Site "Internet Chess Club"]
[Date "2020.09.12"]
[Round "5"]
[White "Openyagami"]
[Black "tactics321"]
[Result "1-0"]
[ICCResult "Black resigns"]
[WhiteElo "2648"]
[BlackElo "2555"]
[Opening "English opening"]
[ECO "A20"]
[NIC "EO.24"]
[Time "19:01:40"]
[TimeControl "1800+10"]

1. c4 e5 2. g3 Nf6 3. Bg2 c6 4. Nc3 d5 5. cxd5 cxd5 6. Qb3 Be6 7. Nf3 Nc6 8.
O-O Na5 9. Qa4+ Bd7 10. Qh4 Be7 11. d3 Ng4 12. Bg5 f6 13. Bd2 h5 14. Nxd5 g5
15. Nxf6+ Bxf6 16. Nxg5 Nc6 17. Be4 Nd4 18. Bg6+ Kf8 19. f3 Bf5 20. fxg4
Nxe2+ 21. Kf2 Bxg6 22. Ne6+ Kg8 23. Nxd8 Bxh4 24. Ne6 Bxd3 25. gxh4 Nd4 26.
Nxd4 Bxf1 27. Nf3 hxg4 28. Nxe5 Bb5 29. Kg3 Kh7 30. Nxg4 Rhd8 31. Bc3 Rd3+
32. Kf4 Rh3 33. Rg1 Rf8+ 34. Nf6+ Kh6 35. Ke5 Re3+ 36. Kd6 Re2 37. Rg5 Rf7
38. Rxb5 a6 39. Rh5+ Kg6 40. Rg5+ Kh6 41. Rg3 b5 42. h5 Rg7 43. Ng8+
{Black resigns}
1-0

[Event "ICC tourney 2001 (30 10)"]
[Site "Internet Chess Club"]
[Date "2020.09.12"]
[Round "5"]
[White "kingcaleb"]
[Black "TjkTiger"]
[Result "1/2-1/2"]
[ICCResult "Game drawn by repetition"]
[WhiteElo "2117"]
[BlackElo "2597"]
[Opening "Sicilian: Hungarian variation"]
[ECO "B27"]
[NIC "SI.43"]
[Time "19:02:29"]
[TimeControl "1800+10"]

1. e4 c5 2. Nf3 g6 3. c3 d5 4. exd5 Qxd5 5. d4 Bg7 6. Na3 cxd4 7. Nb5 Na6 8.
cxd4 Nf6 9. Be2 O-O 10. O-O Bg4 11. Nc3 Qd6 12. Bg5 Rfd8 13. h3 Bf5 14. Qb3
Qb4 15. g4 Be6 16. Qc2 Rac8 17. Rac1 Qa5 18. Qd2 Nb4 19. Bxf6 exf6 20. Ne4
Nc6 21. Qf4 f5 22. Nc5 Nxd4 23. Nxd4 Rxc5 24. b4 Rxc1 25. bxa5 Rxf1+ 26.
Kxf1 Bxd4 27. gxf5 Bxf5 28. Qh4 Rd6 29. Qg3 Rc6 30. Qb3 Rc1+ 31. Kg2 Rc2 32.
Qd5 Rxe2 33. Qd8+ Kg7 34. Qxd4+ f6 35. Kf3 Rxa2 36. Qxa7 Ra3+ 37. Ke2 Bd3+
38. Kd2 Ba6 39. Qc5 Rd3+ 40. Ke1 Rf3 41. Qc7+ Kh6 42. Qc1+ g5 43. Qc8 Rf4
44. Qf8+ Kg6 45. Qg8+ Kh6 46. Qf8+ Kg6 47. Qg8+ Kf5 48. Qxh7+ Ke5 49. Qe7+
Kd5 50. Qd7+ Kc5 51. Qc7+ Kb4 52. Qb6+ Kc3 53. Qc5+ Kb3 54. Qd5+ Ka4 55. Qc5
Kb3 56. Qd5+ Kb4 57. Qd2+ Kc5 58. Qc2+ Kd5 59. Qb3+ Kd6 60. Qb6+ Kd7 61. Qc5
Re4+ 62. Kd2 Re6 63. Qf5 Ke7 64. Qc5+ Kd7 65. Qf5 Kd6 66. Kc3 Ke7 67. Qc5+
Ke8 68. Qc8+ Kf7 69. Qd7+ Re7 70. Qd5+ Kg7 71. Qf5 Re5 72. Qd7+ Kg6 73. Qd8
Rc5+ 74. Kd4 Rc4+ 75. Kd5 Rc6 76. Qe8+ Kg7 77. Qe7+ Kg6 78. Qe8+ Kg7 79.
Qe7+ Kg6 80. Qe8+ Kg7 {Game drawn by repetition} 1/2-1/2

[Event "ICC tourney 2001 (30 10)"]
[Site "Internet Chess Club"]
[Date "2020.09.12"]
[Round "5"]
[White "espark"]
[Black "helavir"]
[Result "0-1"]
[ICCResult "White resigns"]
[WhiteElo "2301"]
[BlackElo "2645"]
[Opening "Caro-Kann defense"]
[ECO "B15"]
[NIC "CK.05"]
[Time "19:01:54"]
[TimeControl "1800+10"]

1. e4 c6 2. d4 d5 3. Nc3 a6 4. Nf3 Bg4 5. Be3 e6 6. Bd3 Nf6 7. a3 Be7 8. O-O
O-O 9. Re1 Nbd7 10. h3 Bh5 11. e5 Ne8 12. g4 Bg6 13. Bxg6 fxg6 14. Kg2 Nc7
15. Ne2 c5 16. c3 cxd4 17. cxd4 Nb6 18. b3 Nb5 19. a4 Na7 20. Ng3 Nc6 21. h4
Rc8 22. h5 g5 23. h6 g6 24. Rc1 Nd7 25. Re2 Ndb8 26. Qd2 Qb6 27. Qb2 Nb4 28.
Rxc8 Rxc8 29. Bxg5 Bxg5 30. Nxg5 Nd3 31. Qd2 Qxd4 32. Nxe6 Qxg4 33. Qxd3
Qxe6 34. Rd2 Rd8 35. f4 Nc6 36. f5 gxf5 37. Qxf5 Qxf5 38. Nxf5 Nxe5 39. Re2
Nc6 40. Kg3 d4 41. Kf4 d3 42. Rd2 Na5 43. Rg2+ Kf8 44. Rg7 d2 45. Ne3 d1=Q
46. Nxd1 Rxd1 47. Rxh7 Kg8 48. Rg7+ Kh8 49. Rc7 Nxb3 50. Rxb7 Nc5 51. Ra7
Rd6 52. Kg5 Rd7 53. Ra8+ Kh7 54. a5 Rd5+ 55. Kf6 Rd6+ 56. Ke5 Rg6 57. Kd5
Nb3 58. Kc4 Nxa5+ 59. Kb4 Nc6+ 60. Kc5 Ne5 61. Kd5 Nc6 62. Kc5 a5 63. Kb5
Kxh6 64. Rf8 Kg5 65. Rf1 Rf6 66. Rg1+ Kf5 67. Rd1 Ke5 68. Rd7 Rd6 69. Rh7
Kd4 70. Rh3 Re6 71. Rg3 Kd5 72. Rc3 Rh6 73. Rc1 Nd4+ 74. Ka4 Rh2 75. Ka3 Nc6
76. Ka4 Rh4+ 77. Ka3 Rc4 78. Rd1+ Kc5 79. Rd7 Rb4 80. Rd1 Nd4 81. Rc1+ Rc4
82. Rh1 Nb5+ 83. Ka2 a4 84. Rg1 Rc2+ 85. Kb1 Rh2 {White resigns} 0-1

[Event "ICC tourney 2001 (30 10)"]
[Site "Internet Chess Club"]
[Date "2020.09.12"]
[Round "6"]
[White "smilingfloor"]
[Black "jy2020"]
[Result "0-1"]
[ICCResult "White resigns"]
[WhiteElo "1940"]
[BlackElo "2247"]
[Opening "Sicilian: Najdorf, 6.Bg5"]
[ECO "B94"]
[NIC "SI.04"]
[Time "21:01:43"]
[TimeControl "1800+10"]

1. e4 c5 2. Nf3 d6 3. d4 cxd4 4. Nxd4 Nf6 5. Nc3 a6 6. Bg5 Nbd7 7. f3 e6 8.
Qd2 Be7 9. O-O-O Qc7 10. g4 b5 11. Kb1 Bb7 12. h4 Nc5 13. Be3 Rc8 14. h5 d5
15. g5 b4 16. Nce2 Nfd7 17. exd5 Bxd5 18. Nf4 Bb7 19. g6 hxg6 20. Nb3 Nxb3
21. axb3 g5 22. Ne2 Bxf3 23. Rg1 Bxh5 24. Bxg5 Bxg5 25. Rxg5 Bg6 26. Rc1 Nc5
27. Qxb4 Qe7 28. Rg1 Rh4 29. Rg4 Rxg4 30. Qxg4 Bf5 31. Qb4 Nd3 32. Qa4+ Kf8
33. Qxa6 Rd8 34. Rd1 Nb4 35. Rxd8+ Qxd8 36. Nc1 Nxa6 {White resigns} 0-1

[Event "ICC tourney 2001 (30 10)"]
[Site "Internet Chess Club"]
[Date "2020.09.12"]
[Round "6"]
[White "HR2005"]
[Black "JunlinTheWorld"]
[Result "1/2-1/2"]
[ICCResult "Game drawn by mutual agreement"]
[WhiteElo "2068"]
[BlackElo "1922"]
[Opening "Sicilian: dragon, Yugoslav attack"]
[ECO "B75"]
[NIC "SI.17"]
[Time "21:01:47"]
[TimeControl "1800+10"]

1. e4 c5 2. Nf3 d6 3. d4 cxd4 4. Nxd4 Nf6 5. Nc3 g6 6. Be3 Bg7 7. f3 a6 8.
Bc4 Nc6 9. Qd2 O-O 10. O-O-O Bd7 11. Bb3 Nxd4 12. Bxd4 b5 13. Kb1 a5 14. Nd5
a4 15. Bxf6 exf6 16. Bxa4 bxa4 17. Nf4 Ra6 18. h4 f5 19. h5 Qf6 20. c3 fxe4
21. fxe4 Bc6 22. h6 Bh8 23. Rhf1 Bxe4+ 24. Ka1 Qe5 25. Rde1 f5 26. Re3 Rfa8
27. Ne2 Qc5 28. g4 Bf6 29. Rxe4 fxe4 30. Rxf6 Qe5 31. g5 Rf8 32. Rxf8+ Kxf8
33. Nd4 Ke7 34. Qe2 Qxg5 35. a3 Rb6 36. Qxe4+ Qe5 37. Nc6+ Rxc6 38. Qxc6
Qe1+ 39. Ka2 Qe6+ 40. Kb1 Qe1+ 41. Kc2 Qe2+ 42. Kc1 Qe1+ 43. Kc2
{Game drawn by mutual agreement}
1/2-1/2

[Event "ICC tourney 2001 (30 10)"]
[Site "Internet Chess Club"]
[Date "2020.09.12"]
[Round "6"]
[White "TjkTiger"]
[Black "IndianTerritory"]
[Result "1/2-1/2"]
[ICCResult "Game drawn by mutual agreement"]
[WhiteElo "2596"]
[BlackElo "2015"]
[Opening "English: Caro-Kann defensive system"]
[ECO "A11"]
[NIC "EO.64"]
[Time "21:02:52"]
[TimeControl "1800+10"]

1. c4 c6 2. Nc3 d5 3. d4 Nf6 4. cxd5 cxd5 5. Bf4 Nc6 6. e3 a6 7. Be2 e6 8.
Nf3 Bd7 9. O-O Be7 10. h3 O-O 11. Rc1 Nh5 12. Bh2 Nf6 13. Na4 Ne4 14. Nc5
Nxc5 15. dxc5 Qa5 16. a3 Na7 17. Ne5 Ba4 18. b3 Bc6 19. Nd3 Nb5 20. b4 Qxa3
21. Be5 d4 22. Ra1 Qc3 23. Rc1 Qa3 {Game drawn by mutual agreement} 1/2-1/2

[Event "ICC tourney 2001 (30 10)"]
[Site "Internet Chess Club"]
[Date "2020.09.12"]
[Round "6"]
[White "gsmenon"]
[Black "town"]
[Result "0-1"]
[ICCResult "White checkmated"]
[WhiteElo "1949"]
[BlackElo "2156"]
[Opening "QGD Slav: Dutch variation"]
[ECO "D18"]
[NIC "SL.05"]
[Time "21:01:48"]
[TimeControl "1800+10"]

1. Nf3 d5 2. c4 c6 3. d4 Nf6 4. Nc3 dxc4 5. a4 Bf5 6. e3 e6 7. Bxc4 Bb4 8.
O-O Nbd7 9. Qb3 a5 10. Ne2 O-O 11. Bd2 Qe7 12. Bxb4 axb4 13. Nf4 Nb6 14. Bd3
Ra5 15. Ne5 Rfa8 16. Bxf5 exf5 17. Nc4 Rxa4 18. Rxa4 Nxa4 19. Ra1 b5 20. Ne5
c5 21. Nd5 Qe6 22. Nxf6+ gxf6 23. Qxe6 fxe6 24. Nd7 cxd4 25. exd4 Rd8 26.
Nxf6+ Kf7 27. Nh5 Rxd4 28. b3 Nc3 29. g3 Ne2+ 30. Kf1 Rd2 31. Ra7+ Kg6 32.
Ng7 Nd4 33. Rb7 Kf6 34. Ne8+ Ke5 35. h4 Rb2 36. Nc7 Kd6 37. Ne8+ Kc6 38.
Rxh7 Nxb3 39. Rc7+ Kb6 40. h5 Nd2+ 41. Kg2 Ne4 42. h6 b3 43. Rc1 Rxf2+ 44.
Kg1 Rc2 45. Rb1 Rc8 46. Ng7 Nd2 47. Rb2 Nf3+ 48. Kg2 Nd4 49. h7 Rh8 50. Rd2
Rxh7 51. Rxd4 Rxg7 52. Rb4 Kc5 53. Rxb3 f4 54. Rc3+ Kd4 55. Rc6 Rxg3+ 56.
Kf2 e5 57. Rb6 Kc5 58. Re6 Re3 59. Re8 b4 60. Rc8+ Kd4 61. Rb8 Kc4 62. Rc8+
Kb3 63. Rb8 Ka3 64. Ra8+ Kb2 65. Rb8 b3 66. Rb5 Kb1 67. Rb4 b2 68. Rb5 Ra3
69. Ke2 Ka2 70. Kd2 b1=Q 71. Rxb1 Kxb1 72. Ke2 e4 73. Ke1 Kc2 74. Kf1 Kd3
75. Ke1 e3 76. Kf1 f3 77. Ke1 Ra1# {White checkmated} 0-1

[Event "ICC tourney 2001 (30 10)"]
[Site "Internet Chess Club"]
[Date "2020.09.12"]
[Round "6"]
[White "tcao"]
[Black "Singireddy"]
[Result "1/2-1/2"]
[ICCResult "Game drawn by mutual agreement"]
[WhiteElo "1863"]
[BlackElo "2063"]
[Opening "Giuoco Piano"]
[ECO "C50"]
[NIC "IG.02"]
[Time "21:02:14"]
[TimeControl "1800+10"]

1. e4 e5 2. Nf3 Nc6 3. Bc4 Bc5 4. O-O Nf6 5. c3 d6 6. d4 Bb6 7. d5 Ne7 8.
Bd3 Ng6 9. c4 O-O 10. Nc3 Nh5 11. a4 a5 12. Re1 Nhf4 13. Bf1 Bg4 14. h3 f5
15. exf5 Bxf5 16. Be3 Bxe3 17. Rxe3 Qd7 18. c5 b6 19. c6 Qf7 20. Ng5 Qf6 21.
Nge4 Bxe4 22. Nxe4 Qf5 23. Raa3 Rae8 24. Re1 Re7 25. Qg4 Qxg4 26. hxg4 h5
27. gxh5 Nxh5 28. g3 Nf6 29. Ng5 Rfe8 30. Rae3 e4 31. Bg2 Nxd5 32. Rxe4 Nf6
33. Rxe7 Rxe7 34. Rxe7 Nxe7 35. f4 d5 36. Ne6 Nxc6 37. Nxc7 Nb4 38. Na8 Nd7
39. Bh3 Nc5 40. Nxb6 Kf7 41. Kf2 Nbd3+ 42. Ke3 Nxb2 43. Bg2 Nbxa4 44. Bxd5+
Kf6 45. Nc4 Nc3 46. Bc6 Nb3 47. Nb6 Ke7 48. Kd3 Kd6 49. Kxc3 Kxc6
{Game drawn by mutual agreement}
1/2-1/2

[Event "ICC tourney 2001 (30 10)"]
[Site "Internet Chess Club"]
[Date "2020.09.12"]
[Round "6"]
[White "tedchen"]
[Black "helavir"]
[Result "0-1"]
[ICCResult "White resigns"]
[WhiteElo "2291"]
[BlackElo "2645"]
[Opening "QGD Slav: Soultanbéieff variation"]
[ECO "D16"]
[NIC "SL.03"]
[Time "21:02:09"]
[TimeControl "1800+10"]

1. d4 d5 2. c4 c6 3. Nf3 Nf6 4. Nc3 dxc4 5. a4 e6 6. Ne5 c5 7. e3 cxd4 8.
exd4 Be7 9. Bxc4 O-O 10. O-O Nc6 11. Be3 Nb4 12. Qf3 Nfd5 13. Nxd5 exd5 14.
Bd3 Be6 15. Rac1 f6 16. Qh5 Nxd3 17. Nxd3 Qd7 18. Qd1 b6 19. Qb3 Rac8 20.
Rfe1 Rc4 21. Nf4 Bf7 22. Rxc4 dxc4 23. Qc2 Rc8 24. d5 g5 25. Ne2 Qxd5 26.
Nc3 Qd3 27. Qc1 Qd7 28. Rd1 Qc6 29. Nb5 Re8 30. Nd4 Qxa4 31. Nf5 Bf8 32. h4
Bg6 33. Rd5 Re5 34. Qd2 Qc6 35. Rd8 Bxf5 36. hxg5 Re8 37. gxf6 Rxd8 38. Qxd8
Qd7 {White resigns} 0-1

[Event "ICC tourney 2001 (30 10)"]
[Site "Internet Chess Club"]
[Date "2020.09.12"]
[Round "6"]
[White "Chessking2008"]
[Black "kingcaleb"]
[Result "1-0"]
[ICCResult "Black forfeits on time"]
[WhiteElo "2163"]
[BlackElo "2089"]
[Opening "English: Caro-Kann defensive system"]
[ECO "A11"]
[NIC "EO.61"]
[Time "21:01:50"]
[TimeControl "1800+10"]

1. c4 c6 2. Nc3 Nf6 3. e4 d5 4. cxd5 cxd5 5. e5 Ng4 6. d4 Nh6 7. Nf3 e6 8.
Bd3 Nc6 9. O-O Bd7 10. Be3 a6 11. Rc1 Rc8 12. Bb1 b5 13. Nd2 Na5 14. a3 Nc4
15. Nxc4 bxc4 16. h3 Rb8 17. Na4 Rb3 18. Nc5 Bxc5 19. dxc5 Rxb2 20. Qd4 Rb8
21. f4 Rb3 22. g4 Qh4 23. Rf3 O-O 24. Bf2 Qd8 25. Rxb3 cxb3 26. c6 Bc8 27.
Qd3 f5 28. exf6 g6 29. g5 Nf5 30. Qxb3 d4 31. Qc4 Qd6 32. Bxf5 gxf5 33. Qxd4
Qxa3 34. Be3 Qa5 35. h4 Qc7 36. h5 Qf7 37. Qd1 Kh8 38. Rc2 e5 39. Rg2 exf4
40. g6 hxg6 41. hxg6 Qe6 42. Qh5+ {Black forfeits on time} 1-0

[Event "ICC tourney 2001 (30 10)"]
[Site "Internet Chess Club"]
[Date "2020.09.12"]
[Round "6"]
[White "rychessmaster1"]
[Black "espark"]
[Result "1-0"]
[ICCResult "Black checkmated"]
[WhiteElo "2222"]
[BlackElo "2284"]
[Opening "Queen's pawn game"]
[ECO "A45"]
[NIC "QP.07"]
[Time "21:01:46"]
[TimeControl "1800+10"]

1. d4 Nf6 2. Nc3 e6 3. Bf4 Be7 4. e3 d6 5. Nf3 O-O 6. Rc1 b6 7. Bd3 Bb7 8.
h4 c5 9. Qe2 Nbd7 10. Rh3 d5 11. b3 Rc8 12. Nb5 Ra8 13. Nc7 Rc8 14. Nb5 a5
15. Nd6 Bxd6 16. Bxd6 Re8 17. Rg3 c4 18. bxc4 dxc4 19. Bxc4 Ne4 20. Ng5 Nxg3
21. Bxg3 h6 22. Nf3 Qe7 23. Bd3 Qa3 24. Kd1 Qxa2 25. Ne5 Nxe5 26. Bxe5 f6
27. Bf4 Qd5 28. Rb1 Qxg2 29. Kd2 e5 30. dxe5 fxe5 31. Bg3 Qd5 32. Rb5 Qd7
33. Ke1 Ba6 34. Rxb6 Bxd3 35. Qxd3 Qc7 36. Qd5+ Kh8 37. Rg6 a4 38. Ra6 Qc3+
39. Kf1 Qc4+ 40. Qxc4 Rxc4 41. Ra5 e4 42. Kg2 Rd8 43. Be5 Rd7 44. c3 Rf7 45.
Bd4 Kh7 46. Kg3 Rf3+ 47. Kg2 Rf7 48. Kg3 Kg6 49. Ra6+ Kf5 50. f3 Rb7 51.
Ra5+ Kg6 52. fxe4 Kf7 53. Kf4 Re7 54. Ra6 Rd7 55. e5 Re7 56. Kf5 g6+ 57.
Rxg6 h5 58. Ra6 Re8 59. e6+ Kf8 60. Ra7 Rc6 61. Rf7+ Kg8 62. Rg7+ Kf8 63.
Rg6 Rec8 64. Rh6 a3 65. c4 Rc5+ 66. Kf6 Kg8 67. Rg6+ Kh7 68. Rg7+ Kh6 69.
Bxc5 Rxc5 70. Ra7 Rxc4 71. e7 Re4 72. Ra8 a2 73. Rh8# {Black checkmated} 1-0

[Event "ICC tourney 2001 (30 10)"]
[Site "Internet Chess Club"]
[Date "2020.09.12"]
[Round "6"]
[White "tactics321"]
[Black "MrNormalName"]
[Result "1/2-1/2"]
[ICCResult "Game drawn by mutual agreement"]
[WhiteElo "2554"]
[BlackElo "2205"]
[Opening "Catalan: closed, 5.Nf3"]
[ECO "E06"]
[NIC "CA.05"]
[Time "21:02:51"]
[TimeControl "1800+10"]

1. d4 Nf6 2. c4 e6 3. Nf3 d5 4. g3 Be7 5. Bg2 O-O 6. O-O dxc4 7. Qc2 a6 8.
a4 Bd7 9. Rd1 Bc6 10. Bg5 b5 11. Bxf6 Bxf6 12. Nc3 Qe8 13. d5 Bxd5 14. axb5
Bxc3 15. Ng5 g6 16. Qxc3 Qxb5 17. Bxd5 exd5 18. Ra5 Qb3 19. Rdxd5 Qxc3 20.
bxc3 Re8 21. Rd2 Ra7 22. Ra4 h6 23. Nf3 Nc6 24. Kg2 Re4 25. Ne1 a5 26. f3
Re6 27. Nc2 Rd6 28. Rxd6 cxd6 29. Ne3 h5 30. Nxc4 Rd7 31. Ra1 Kg7 32. Nxa5
Nxa5 33. Rxa5 Rc7 34. Rd5 Rxc3 35. Rxd6 Rc2 36. Kf2 Ra2 37. h4 Rb2 38. Ke1
Ra2 39. Rd2 Ra1+ 40. Kf2 f5 41. Rd7+ Kf6 42. Rd6+ Kf7 43. Ke3 Ra4 44. Rd4
Ra2 45. Rc4 Rb2 46. Kd3 Ra2 47. Rc2 Ra4 48. Rc7+ Kf6 49. Rc6+ Kf7 50. Kc3
Ra2 51. Kd3 Ra4 52. Kd2 Ra3 53. Ke1 Ra1+ 54. Kf2 Ra2 55. Ke3 Ra4 56. Kd3 Rb4
57. e4 fxe4+ 58. fxe4 Rb3+ 59. Rc3 Rb4 60. Ke3 Kf6 61. Rc6+ Kf7 62. Kf4 Rb5
63. Rd6 Ra5 64. Rb6 Rc5 65. e5 Rc3 66. Rb7+ Ke6 67. Rb6+ Kf7 68. Rb7+ Ke6
69. Rb4 Ra3 70. Rd4 Rb3 71. Re4 Ra3 72. Rd4 Rb3 73. Rd6+ Kf7 74. Ra6 Rc3 75.
e6+ Ke7 76. Ke5 Rc5+ 77. Kd4 Rb5 78. Ke4 Rc5 79. Kd4
{Game drawn by mutual agreement}
1/2-1/2